 Dungeon Crawl Stone Soup version 0.23-a0-629-gae4348f6cf (webtiles) character file.

233 HereIgoKillingAgain the Chopper (level 6, -11/84 HPs)
             Began as a Hill Orc Monk on Dec 26, 2018.
             Mangled by Crazy Yiuf
             ... wielding a +4 quarterstaff of chaos
              (19 damage)
             ... while paralysed by Crazy Yiuf
             ... on level 2 of the Dungeon.
             The game lasted 00:02:49 (2479 turns).

HereIgoKillingAgain the Chopper (Hill Orc Monk)     Turns: 2479, Time: 00:02:49

Health: -11/84     AC:  2    Str: 21    XL:     6   Next: 5%
Magic:  7/7        EV:  2    Int: 10    God:
Gold:   212        SH:  0    Dex: 13    Spells: 5/5 levels left

rFire    . . .     SeeInvis .   a - +0 hand axe
rCold    . . .     Gourm    .   (no shield)
rNeg     . . .     Faith    .   b - +0 robe
rPois    .         Spirit   .   (no helmet)
rElec    .         Reflect  .   (no cloak)
rCorr    .         Harm     .   (no gloves)
MR       .....                  (no boots)
Stlth    ..........             g - amulet of rage
HPRegen  0.24/turn              (no ring)
MPRegen  0.10/turn              (no ring)

@: paralysed, berserking, lethally poisoned (-11 -> -15)
A: no striking features
a: Evoke Berserk Rage


You were on level 2 of the Dungeon.
You were hungry.

You visited 1 branch of the dungeon, and saw 2 of its levels.

You collected 212 gold pieces.

Inventory:

Hand Weapons
 a - a +0 hand axe (weapon)
Armour
 b - a +0 robe (worn)
Jewellery
 g - an amulet of rage (around neck)
Scrolls
 h - a scroll of teleportation
 i - a scroll of identify
Potions
 d - a potion of flight
 e - 2 potions of curing {unknown}
 f - a potion of degeneration {unknown}
 j - a potion of ambrosia {unknown}
Comestibles
 c - 7 rations
 k - a chunk of flesh


   Skills:
 * Level 5.4 Fighting
 * Level 6.0 Axes
 + Level 2.2 Armour
 - Level 2.4 Dodging
 - Level 1.5 Stealth
 * Level 2.0 Evocations


You had 5 spell levels left.
You didn't know any spells.
Your spell library was empty.

Dungeon Overview and Level Annotations

Branches:
Dungeon (2/15)

Altars:

Annotations:
D:2 Crazy Yiuf


Message History

A red film seems to cover your vision as you go berserk!
You feel yourself moving faster!
You feel mighty!
You feel a lot more hungry.
Crazy Yiuf hits you with a +4 quarterstaff of chaos!
Crazy Yiuf freezes you.
You barely miss Crazy Yiuf.
Crazy Yiuf hits you with a +4 quarterstaff of chaos!!
You are poisoned.
You hit Crazy Yiuf.
Crazy Yiuf is lightly wounded.
You are feeling hungry.
You feel sick.
Crazy Yiuf hits you with a +4 quarterstaff of chaos!!
You suddenly lose the ability to move!
You feel sick.
Crazy Yiuf hits you with a +4 quarterstaff of chaos!!
* * * LOW HITPOINT WARNING * * *
You shrug off the repeated paralysis!
You feel sick.
Crazy Yiuf hits you with a +4 quarterstaff of chaos!!
You die...

#.# #.# ###### #.#######.##
.....# #........... ####.#
#######.#.## #.##.# #.#.# #.##.##
####.#.# #.##..# ### ####......#
#.##..# #)..### ##....##.#.##
......#### #...g@####...........#
#.##.....# #...##..#............#
.........# ### ###.#.....####..#
.........# #######........
.........# #.####...
#.#...#..################.#.##...
#.#......#..........##....#.##...
..................<.##.####.##...
...............>.................


You could see Crazy Yiuf (berserk).

Vanquished Creatures
  Sigmund (D:2)
  2 adders (D:2)
  3 worms (D:2)
  3 dart slugs (D:1)
  3 leopard geckos (D:2)
  8 bats
  4 giant cockroaches
  5 goblins
  A hobgoblin (D:2)
  4 jackals (D:2)
  A ball python (D:2)
  7 kobolds
  2 rats (D:1)
44 creatures vanquished.

Notes
Turn   | Place    | Note
-------+----------+-------------------------------------------
     0 | D:1      | HereIgoKillingAgain the Hill Orc Monk began the quest for
                  | the Orb.
     0 | D:1      | Reached XP level 1. HP: 19/19 MP: 1/1
    59 | D:1      | Reached XP level 2. HP: 26/27 MP: 2/2
   794 | D:2      | Reached XP level 3. HP: 32/33 MP: 3/3
   828 | D:2      | Reached skill level 1 in Armour
  1261 | D:2      | Reached skill level 5 in Axes
  1452 | D:2      | Reached XP level 4. HP: 27/41 MP: 4/4
  1899 | D:2      | Noticed Sigmund
  1912 | D:2      | Killed Sigmund
  1912 | D:2      | Reached skill level 5 in Fighting
  1912 | D:2      | Reached XP level 5. HP: 36/48 MP: 4/6
  1912 | D:2      | Reached XP level 6. HP: 42/56 MP: 4/7
  2224 | D:2      | Found a runed door.
  2363 | D:2      | Reached skill level 6 in Axes
  2472 | D:2      | Noticed Crazy Yiuf
  2477 | D:2      | Paralysed by Crazy Yiuf for 4 turns
  2479 | D:2      | Mangled by Crazy Yiuf

Vault maps used:
D:1:      sevenhm_arrival_forest_fort_large_4
D:2:      first_ration, uniq_sigmund, uniq_crazy_yiuf_cottage

Skill      XL: |  1  2  3  4  5  6 |
---------------+-------------------+-----
Fighting       | 4 5 |  5.4
Armour         | 1 2 |  2.2
Axes           | 5 6 |  6.0
Evocations     | 2 |  2.0
Dodging        | |  2.4
Stealth        | |  1.5

Action                   |  1- 3 |  4- 6 || total
-------------------------+-------+-------++-------
Melee: Hand axe          |   114 |    56 ||   170
 Abil: Evoke Berserk Rag |       |     2 ||     2
  Use: Scroll            |     3 |       ||     3
 Stab: Sleeping          |     4 |     2 ||     6
  Eat: Chunk             |     1 |     2 ||     3
       Ration            |       |     1 ||     1
Armor: Robe              |    24 |     5 ||    29
Dodge: Dodged            |    74 |    29 ||   103

Table legend:
 A = Non-vault XP
 B = Vault XP
 C = Vault XP percentage of total XP
 D = Non-vault monster count
 E = Vault monster count
 F = Vault count percentage of total count
                 A         B        C        D         E       F
            +---------+---------+-------+---------+---------+-------
      Total |     114 |     220 |  65.9 |      43 |       1 |   2.3
            +---------+---------+-------+---------+---------+-------
        D:1 |      31 |       0 |   0.0 |      15 |       0 |   0.0
        D:2 |      83 |     220 |  72.6 |      28 |       1 |   3.4
            +---------+---------+-------+---------+---------+-------
